Map: Pillars of Gold LE

Players

CPZ - Winner!

  • Race: Protoss Protoss
  • League: Gold
  • Spawn Location: 7:00

Chandika

  • Race: Protoss Protoss
  • League: Platinum
  • Spawn Location: 1:00

VOD

Have the link to the VOD?

Description

Time

  • Played on: Jan. 15, 2021, 10:44 p.m.
  • Length: 12:34
Show
View Real Time Build Order
Export as new Build Order

CPZ Protoss - Winner!

Build Orders:  

Get SALT Encoding   

  12  0:00  Probe  
  13  0:12  Probe  
  14  0:19  Pylon  
  14  0:24  Probe  
  15  0:40  Probe, Gateway  
  16  0:48  Assimilator  
  16  0:52  Probe  
  17  1:05  Probe  
  18  1:17  Probe  
  19  1:27  Cybernetics Core  
  19  1:29  Probe  
  20  1:41  Probe  
  21  1:47  Pylon  
  21  1:51  Assimilator  
  21  1:55  Warp Gate (Chrono Boost)  
  21  2:00  Nexus  
  21  2:16  Stalker  
  21  2:20  Pylon  
  23  2:27  Probe  
  24  2:41  Shield Battery  
  24  2:43  Probe  
  25  2:46  Stalker  
  27  2:52  Gateway  
  27  2:55  Probe  
  28  3:09  Gateway  
  28  3:10  Probe  
  29  3:15  Probe  
  30  3:22  Robotics Facility  
  30  3:28  Probe x2  
  30  3:33  Sentry  
  34  3:42  Twilight Council  
  34  3:43  Probe  
  34  3:46  Probe  
  36  3:52  Stalker  
  38  3:59  Pylon  
  38  4:01  Probe  
  39  4:03  Probe  
  41  4:10  Observer (Chrono Boost)  
  41  4:15  Pylon  
  41  4:17  Probe x2  
  41  4:21  Stalker  
  41  4:23  Observer (Chrono Boost)  
  45  4:29  Probe  
  45  4:30  Probe, Charge (Chrono Boost)  
  48  4:35  Assimilator  
  48  4:42  Probe x2  
  48  4:44  Zealot  
  52  4:47  Stalker  
  54  4:54  Probe x2  
  56  5:06  Probe x2  
  58  5:14  Forge  
  58  5:18  Probe x2  
  58  5:20  Pylon  
  60  5:23  Assimilator  
  60  5:30  Probe x2, Stalker x3  
  68  5:37  Protoss Ground Weapons Level 1  
  68  5:45  Probe  
  68  5:46  Probe  
  70  5:50  Blink (Chrono Boost)  
  70  5:54  Photon Cannon  
  70  5:55  Stalker  
  72  6:16  Nexus  
  72  6:18  Warp Prism, Pylon  
  74  6:21  Pylon  
  74  6:23  Probe  
  74  6:24  Probe  
  76  6:36  Stalker x3  
  82  6:42  Gateway  
  82  6:54  Probe x2  
  83  7:03  Gateway x2  
  83  7:05  Stalker x2  
  87  7:12  Observer  
  88  7:17  Probe x2  
  88  7:19  Gateway  
  90  7:23  Stalker  
  90  7:29  Probe, Stalker x2  
  97  7:43  Protoss Ground Weapons Level 2 (Chrono Boost)  
  97  7:48  Probe x3  
  100  7:52  Assimilator  
  100  7:56  Assimilator, Nexus  
  100  8:04  Stalker x3  
  106  8:26  Pylon  
  106  8:27  Pylon  
  106  8:30  Pylon  
  106  8:32  Pylon  
  106  8:45  Stalker x5  
  106  8:46  Stalker x2  
  119  9:08  Stalker x5  
  119  9:09  Stalker x2  
  133  9:15  Probe (Chrono Boost), Templar Archives  
  138  9:24  Probe x2 (Chrono Boost)  
  138  9:25  Probe x2 (Chrono Boost)  
  138  9:29  Probe (Chrono Boost)  
  139  9:41  Probe  
  140  9:52  Stalker x7  
  154  9:53  Probe  
  154  9:58  Assimilator  
  95  10:15  Stalker x7  
  103  10:47  Stalker x7  
  117  10:55  Probe x3  
  117  10:56  Probe  
  121  11:12  Stalker x2  
  121  11:13  Stalker x5  
  117  11:59  Stalker x4  
  117  12:00  Stalker x3  
  111  12:22  Stalker x5  
  113  12:23  Stalker x2  
Show
View Real Time Build Order
Export as new Build Order

Chandika Protoss 

Build Orders: Nexus First, Carriers 

Get SALT Encoding   

  12  0:01  Probe  
  13  0:13  Probe  
  14  0:29  Pylon  
  14  0:47  Assimilator  
  14  0:58  Nexus  
  14  1:09  Gateway  
  14  1:16  Assimilator  
  14  1:19  Probe  
  15  1:44  Probe (Chrono Boost)  
  17  1:54  Probe (Chrono Boost)  
  17  1:56  Cybernetics Core  
  17  1:59  Probe (Chrono Boost)  
  18  2:03  Assimilator  
  18  2:10  Probe  
  19  2:18  Probe  
  20  2:31  Probe  
  21  2:46  Probe  
  22  2:55  Stargate  
  22  2:57  Stargate  
  22  2:59  Probe  
  22  3:00  Pylon  
  22  3:01  Probe  
  24  3:11  Probe  
  25  3:30  Void Ray (Chrono Boost)  
  25  3:32  Void Ray (Chrono Boost)  
  33  3:47  Probe  
  34  3:51  Probe  
  35  3:59  Probe  
  35  4:00  Void Ray  
  36  4:07  Void Ray  
  40  4:11  Probe  
  45  4:18  Probe  
  46  4:31  Pylon  
  46  4:32  Pylon  
  46  4:46  Void Ray x2  
  46  4:49  Probe x2  
  56  4:59  Assimilator  
  56  5:01  Probe (Chrono Boost)  
  58  5:07  Probe (Chrono Boost)  
  58  5:11  Probe (Chrono Boost)  
  60  5:14  Probe (Chrono Boost), Pylon  
  60  5:17  Pylon  
  60  5:18  Probe (Chrono Boost)  
  60  5:19  Probe (Chrono Boost)  
  61  5:27  Robotics Facility  
  62  5:37  Void Ray  
  62  5:40  Void Ray  
  70  5:53  Probe  
  70  5:55  Probe  
  72  6:05  Probe  
  72  6:07  Probe  
  72  6:08  Pylon x2  
  75  6:26  Observer  
  75  6:40  Probe, Void Ray  
  75  6:41  Nexus  
  75  6:42  Probe  
  75  6:46  Void Ray  
  85  6:59  Fleet Beacon  
  85  7:24  Forge  
  85  7:25  Assimilator  
  85  7:26  Stargate  
  85  7:29  Assimilator  
  85  7:33  Pylon  
  85  7:35  Pylon  
  85  7:44  Flux Vanes  
  85  7:46  Void Ray  
  85  7:52  Carrier  
  95  8:05  Probe  
  95  8:10  Probe  
  97  8:14  Probe  
  97  8:17  Probe  
  99  8:22  Probe  
  99  8:24  Carrier  
  99  8:27  Probe  
  107  8:30  Probe  
  108  8:34  Pylon  
  108  8:35  Pylon  
  108  8:37  Pylon  
  108  8:39  Probe, Pylon  
  109  8:42  Probe  
  109  8:43  Protoss Shields Level 1  
  110  8:48  Carrier  
  110  8:54  Probe  
  117  9:09  Carrier  
  123  9:31  Carrier  
  109  10:12  Void Ray  
  89  10:18  Carrier  
  83  10:28  Zealot (Chrono Boost)  
  83  10:34  Twilight Council  
  83  10:35  Carrier  
  77  10:52  Zealot (Chrono Boost), Void Ray  
  83  11:11  Zealot  
  85  11:38  Zealot  
  72  12:05  Zealot  
Tags
 
Composition
Carriers
Matchup
PvP
Spawn Locations
Cross Positions
Add a new tag
Caveats
  • Supply blocks, unpowered buildings, or Contaminate may cause inaccurate times.
  • Supply counts are checked every 10 seconds.